cohdb
Replays
Latest Replays
All Replays
Popular Replays
Top Player Replays
Match Explorer
How It Works
Community
CoH3 Stats
Reddit
Sign in to upload your games and track your stats! →
Sign in with Steam
Match 20299407
Unlisted
Match 20299407
Overview
Messages
Build Orders
End
Pioneer Squad
Selects Italian Coastal Battlegroup
Selects Coastal Reserves
Coastal Reserve
Coastal Reserve
Construct Infanterie Kompanie
MG 42 Machine Gun Team
Selects Artillery Officer
Artillery Officer
Medical Bunker
Construct Panzergrenadier Kompanie
Panzergrenadier Squad
Pak 40 Anti-tank Gun Team
Pak 40 Anti-tank Gun Team
Selects Support Bunkers
Selects Designated Artillery Overwatch
Construct Panzer Kompanie
Panzer IV Medium Tank
Repair Bunker
Selects Coastal Wall
Panzer IV Medium Tank
Selects Bulwark
Medical Bunker
MG 42 Bunker
Repair Bunker
Panzer IV Medium Tank
MG 42 Bunker
MG 42 Bunker
Panzer IV Medium Tank
Panzer IV Medium Tank
Pioneer Squad
Panzer IV Medium Tank
Stoßtruppen Squad
Stoßtruppen Squad
Side Skirts
Panzer IV Medium Tank
Panzer IV Medium Tank
Faffinir
PapaZor
Virgile[FR]
kerem
kuzu1
sunsetistaken
0
0
Comments
sign in to comment!
No comments posted yet!